 Dungeon Crawl Stone Soup version 0.31-a0-986-g5e6e4ef867 (webtiles) character file.

Game seed: 11416784122800871399

2580 strifetoe the Severer (level 9, 0/76 (77) HPs)
             Began as a Minotaur Monk on Nov 18, 2023.
             Was an Initiate of Gozag.
             Killed from afar by an oklob plant (19 damage)
             ... with a splash of acid
             ... created by the enmity of Fedhas Madash
             ... on level 6 of the Dungeon.
             The game lasted 00:10:55 (5798 turns).

strifetoe the Severer (Minotaur Monk)               Turns: 5798, Time: 00:10:55

HP:   0/76 (77)     AC:  8    Str: 21    XL:     9   Next: 32%
MP:   8/8           EV:  9    Int:  7    God:    Gozag
Gold: 486           SH:  0    Dex: 12    Spells: 8/8 levels left

rFire   . . .        s - +2 battleaxe (venom)
rCold   . . .        (shield currently unavailable)
rNeg    . . .        r - +1 chain mail
rPois   .            (helmet restricted)
rElec   .            x - +0 cloak
rCorr   .            (no gloves)
SInv    .            (no boots)
Will    .....        (no amulet) Stlth
                     (no ring)
HPRegen 0.32/turn    (no ring)
MPRegen 0.11/turn

%: no passive effects
@: corroded, gold aura, lightly drained
A: horns 2, retaliatory headbutt
a: Renounce Religion, Potion Petition, Call Merchant, Bribe Branch


You were on level 6 of the Dungeon.
You worshipped Gozag.
Gozag was aware of your devotion.
You visited 1 branch of the dungeon, and saw 7 of its levels.

You collected 582 gold pieces.
You paid 96 gold pieces to Gozag.

Inventory:

Hand Weapons
 a - a +0 hand axe
 s - a +2 battleaxe of venom (weapon)
 v - the +5 hammer of the Girdle {protect, Fragile rPois rC+ Int+2}
   (You found it on level 5 of the Dungeon)

   Int+2:     It affects your intelligence (+2).
   rC+:       It protects you from cold.
   rPois:     It protects you from poison Fragile: It will be destroyed if
   unequipped.
Armour
 b - a +0 robe
 d - an orb of light
 r - a +1 chain mail (worn)
 x - a +0 cloak (worn)
Jewellery
 j - an amulet of regeneration
 k - an amulet of magic regeneration
 n - an amulet of reflection
 p - an amulet of guardian spirit
Scrolls
 g - a scroll of torment
 h - 2 scrolls of vulnerability
 q - a scroll of immolation
 u - 3 scrolls of enchant weapon
Potions
 c - 3 potions of ambrosia
 e - 2 potions of heal wounds
 f - a potion of brilliance
 i - 5 potions of curing
 l - a potion of attraction
 t - a potion of magic


   Skills:
 + Level 6.3 Fighting
 - Level 16.6 Axes
 + Level 4.9 Armour
 - Level 3.2 Dodging


You had 8 spell levels left.
You didn't know any spells.
Your spell library contained the following spells:

 Spells                   Type           Power      Damage    Failure   Level
 Freeze                   Ice            0%         1d3       97%         1
 Magic Dart               Conj           0%         1d3       97%         1
 Slow                     Hex            0%         N/A       97%         1
 Ensorcelled Hibernation  Hex/Ice        0%         N/A       99%         2
 Passwall                 Tmut/Erth      0%         N/A       99%         2
 Searing Ray              Conj           0%         2d4       99%         2
 Confusing Touch          Hex            0%         N/A       100%        3
 Frozen Ramparts          Ice            0%         1d1       100%        3
 Hailstorm                Conj/Ice       0%         3d3       100%        3
 Sigil of Binding         Hex            0%         N/A       100%        3
 Swiftness                Air            0%         N/A       100%        3
 Vampiric Draining        Necr           0%         2d6       100%        3
 Fulminant Prism          Conj/Hex       0%         3d5       100%        4


Dungeon Overview and Level Annotations

Branches:
Dungeon (7/15)             Temple (0/1) D:5

Altars:
Ashenzari
Dithmenos
Fedhas
Gozag
Makhleb
Nemelex Xobeh
Ru
Wu Jian
Xom
Zin

Shops:
D:2 (   D:4 [

Annotations:
D:4 exclusion: 3 oklob plants
D:5 exclusion: 3 oklob plants
D:6 exclusion: 4 oklob plants


Innate Abilities, Weirdness & Mutations

You have a pair of horns on your head.
You reflexively headbutt those who attack you in melee.


Message History

There is a stone staircase leading up here.
The centaur shoots an arrow.
The arrow barely misses you.
The centaur shoots an arrow.
The arrow hits you! The wight hits you but does no damage.
The wight misses you.
You climb upwards.
There is a stone staircase leading down here.
Unknown command.
You slice the wight!!
You destroy the wight!
You slash the wight! The wight hits you but does no damage.
Things that are here:
6 gold pieces; a +0 falchion; a +0 robe The wight completely misses you.
The wight hits you with a +0 falchion.
You feel drained.
Plants grow around you in an ominous manner.
Marking area around 4 oklob plants as unsafe for travelling. 4 oklob plants come into view.
You slash the wight! You headbutt the wight.
You destroy the wight!
You slash the wandering mushroom!
The wandering mushroom is poisoned.
You hit the oklob plant but do no damage.
You slash the wandering mushroom! You slash the oklob plant!
Marking area around 4 oklob plants as unsafe for travelling.
Unknown command.
Okay, then.
Okay, then.
The wandering mushroom releases spores at you!
You are engulfed in a cloud of dizzying spores!
The oklob plant spits acid at you. The splash of acid hits you!!
The oklob plant spits acid at you. The splash of acid hits you!
* * * LOW HITPOINT WARNING * * *
The acid corrodes you!
The wandering mushroom releases spores at you but does no damage.
The oklob plant spits acid at you. The splash of acid hits you!!
You die...
Your body crumbles into a pile of gold.

.................#...##.#.......#
.................##.........##...
............................#....
....#.#........###........#.####.
....####.....P.###)......#...###.
#...###........##................
##..........PP^..............#...
#####.......f............####...
#.......[P$f@.........# #.[.
###....##f###.#......## #...
#.....#####..#.......## ##..
##...).#####.##..###..###...
#...#........##.............
##...#####.......>...##.##.#
#####....)................##..
#.....##.#...##...............
#.....####........#...........


You could see 4 oklob plants and 3 wandering mushrooms.

Vanquished Creatures
  Prince Ribbit (D:6)
  Menkaure (D:5)
  Duvessa (D:7)
  2 black bears
  An ice beast (D:7)
  A sky beast (D:6)
  An ogre (D:6)
  A centaur (D:5)
  2 phantoms
  A bullfrog (D:6)
  6 scorpions
  3 wights (D:6)
  Dowan (D:7)
  A howler monkey (D:6)
  3 hounds
  A jelly (D:6)
  3 orc priests
  Crazy Yiuf (D:5)
  3 orc wizards
  6 iguanas
  2 sleepcaps
  A wandering mushroom (D:5)
  An adder (D:6)
  A white imp (D:6)
  2 worms
  A dart slug (D:2)
  15 orcs
  7 endoplasms
  6 goblins
  3 hobgoblins (D:1)
  2 jackals (D:5)
  2 quokkas (D:1)
  2 ball pythons
  4 bats
  4 frilled lizards
  3 kobolds (D:2)
  2 rats
98 creatures vanquished.

Vanquished Creatures (others)
  A sleepcap (D:4)
1 creature vanquished.

Grand Total: 99 creatures vanquished

Notes
Turn   | Place    | Note
-------+----------+-------------------------------------------
     0 | D:1      | strifetoe the Minotaur Monk began the quest for the Orb.
     0 | D:1      | Reached XP level 1. HP: 19/19 MP: 0/0
   244 | D:1      | Reached skill level 4 in Axes
   335 | D:1      | Reached XP level 2. HP: 26/26 MP: 1/1
  1044 | D:2      | Found Jiast's Weapon Shoppe.
  1247 | D:2      | Reached skill level 5 in Axes
  1380 | D:2      | Found an ornate altar of the Wu Jian Council.
  1392 | D:2      | Reached XP level 3. HP: 31/31 MP: 2/2
  1794 | D:1      | Prayed at the altar of an unknown god.
  1794 | D:1      | Became a worshipper of Fedhas Madash
  1794 | D:1      | Reached * piety under Fedhas
  1794 | D:1      | Reached ** piety under Fedhas
  1899 | D:3      | Reached skill level 6 in Axes
  1899 | D:3      | Reached XP level 4. HP: 32/39 MP: 3/3
  1991 | D:3      | Identified the +0 robe "Xij Rehobybb" {Regen+ Str+4 Dex-2}
  2359 | D:3      | Reached *** piety under Fedhas
  2570 | D:4      | Reached skill level 7 in Axes
  2570 | D:4      | Reached XP level 5. HP: 45/45 MP: 4/4
  2641 | D:4      | Found Siplo's Antique Armour Shoppe.
  2701 | D:4      | Reached skill level 8 in Axes
  2845 | D:4      | Noticed a black bear
  2966 | D:4      | Reached skill level 15 in Axes
  2966 | D:4      | Reached XP level 6. HP: 50/51 MP: 5/5
  2971 | D:4      | Reached XP level 7. HP: 51/57 MP: 6/6
  3018 | D:4      | Found an opulent altar of Gozag.
  3041 | D:4      | Found an opulent altar of Gozag.
  3043 | D:4      | Found an opulent altar of Gozag.
  3046 | D:4      | Fell from the grace of Fedhas
  3046 | D:4      | Became a worshipper of Gozag Ym Sagoz the Greedy
  3199 | D:4      | Found an opulent altar of Gozag.
  3263 | D:5      | Entered Level 5 of the Dungeon
  3286 | D:5      | Reached skill level 16 in Axes
  3389 | D:5      | Found a staircase to the Ecumenical Temple.
  3750 | D:5      | Noticed Menkaure
  3760 | D:5      | Killed Menkaure
  3761 | D:5      | Reached XP level 8. HP: 64/64 MP: 7/7
  3780 | D:5      | Reached skill level 1 in Armour
  3913 | D:5      | Found a burning altar of Makhleb.
  3915 | D:5      | Found a shadowy altar of Dithmenos.
  3919 | D:5      | Found a sacrificial altar of Ru.
  3920 | D:5      | Found a broken altar of Ashenzari.
  3921 | D:5      | Found a shimmering altar of Xom.
  3922 | D:5      | Found an ornate altar of the Wu Jian Council.
  3924 | D:5      | Found a glowing silver altar of Zin.
  3965 | D:5      | Noticed a wandering mushroom
  3965 | D:5      | Noticed an oklob plant
  3965 | D:5      | Noticed a wandering mushroom
  3965 | D:5      | Noticed an oklob plant
  3965 | D:5      | Noticed an oklob plant
  3965 | D:5      | Noticed a wandering mushroom
  4089 | D:4      | Noticed an oklob plant
  4089 | D:4      | Noticed an oklob plant
  4089 | D:4      | Noticed an oklob plant
  4110 | D:5      | Found a runed translucent door.
  4113 | D:5      | Noticed Crazy Yiuf
  4114 | D:5      | Identified the +5 hammer of the Girdle {protect, Fragile
                  | rPois rC+ Int+2}
  4260 | D:5      | Killed Crazy Yiuf
  4730 | D:6      | Noticed Prince Ribbit
  4744 | D:6      | Killed Prince Ribbit
  4745 | D:6      | Reached skill level 5 in Fighting
  5134 | D:6      | Reached XP level 9. HP: 69/74 MP: 8/8
  5440 | D:6      | Found a sparkling altar of Nemelex Xobeh.
  5586 | D:7      | Noticed Dowan
  5587 | D:7      | Noticed Duvessa
  5590 | D:7      | Killed Dowan
  5597 | D:7      | Killed Duvessa
  5655 | D:7      | Noticed a wandering mushroom
  5655 | D:7      | Noticed a wandering mushroom
  5655 | D:7      | Noticed a wandering mushroom
  5796 | D:6      | Noticed a wandering mushroom
  5796 | D:6      | Noticed an oklob plant
  5796 | D:6      | Noticed an oklob plant
  5796 | D:6      | Noticed a wandering mushroom
  5796 | D:6      | Noticed a wandering mushroom
  5796 | D:6      | Noticed an oklob plant
  5796 | D:6      | Noticed an oklob plant
  5798 | D:6      | Killed from afar by an oklob plant

Illustrated notes

Levels and vault maps discovered:
D:1:      spicycebolla_arrival_ecumenical, layout_loops_corners
D:2:      layout_basic, basic_altar, serial_shops, nicolae_shop_waterfront
D:3:      layout_loops_cross, minmay_misc_feat_encased, nicolae_eternal_life,
          minmay_stone_trees_small
D:4:      layout_cave_pools, nicolae_gozag_conspicuous_consumption,
          serial_shops, nicolae_diamond_shop, serial_park_tiny_pond
D:5:      layout_rooms, minitemple, minmay_temple_entry_mini_moons,
          nicolae_houndstooth_variations, uniq_menkaure, uniq_crazy_yiuf_cottage
D:6:      cheibrodos_quashed, layout_cave_pools, nemelex_diamond_rough_becter,
          uniq_prince_ribbit1
D:7:      layout_basic, serial_shops, shop, uniq_duvessa, uniq_jeremiah

Skill      XL: |  1  2  3  4  5  6  7  8  9 |
---------------+----------------------------+-----
Axes           | 4 5 6 7 15 16 | 16.6
Armour         | 3 4 |  4.9
Fighting       | 5 6 |  6.3
Dodging        | |  3.2

Action                     |  1- 3 |  4- 6 |  7- 9 || total
---------------------------+-------+-------+-------++-------
  Melee: Hand axe          |    60 |    47 |   106 ||   213
         Headbutt          |     8 |    14 |    42 ||    64
         Battleaxe         |       |       |    59 ||    59
    Use: Scroll            |       |     9 |     5 ||    14
         Potion            |       |     6 |     2 ||     8
 Armour: Robe              |    21 |       |       ||    21
         Chain mail        |    12 |    44 |   124 ||   180
  Dodge: Dodged            |    26 |    10 |    64 ||   100

Table legend: (Time is in decaauts)
 A = Elapsed time spent in this place.
 B = Non-inter-level travel time spent in this place.
 C = Inter-level travel time spent in this place.
 D = Time resting spent in this place.
 E = Time spent auto-exploring this place.
 F = Levels seen in this place.
 G = Mean time per level.
                   A        B        C        D        E       F      G
               +--------+--------+--------+--------+--------+-----+--------+
         Total |   5753 |   5547 |    206 |    892 |   3733 |   7 |  821.9 |
       Dungeon |   5753 |   5547 |    206 |    892 |   3733 |   7 |  821.9 |
               +--------+--------+--------+--------+--------+-----+--------+

Top non-repeatable levels by time:
     D:6: 1072 daAuts
     D:5: 1039 daAuts
     D:3: 899 daAuts
     D:1: 897 daAuts
     D:2: 875 daAuts
     D:4: 755 daAuts
     D:7: 213 daAuts
